 Dungeon Crawl Stone Soup version 0.19-a0-1740-g0bcaf2e (webtiles) character file.

58 Amnesiac the Digger (level 3, -7/24 HPs)
             Began as a Vampire Earth Elementalist on Oct 2, 2016.
             Mangled by an orc
             ... wielding a +0 war axe
              (10 damage)
             ... on level 3 of the Dungeon.
             The game lasted 00:03:41 (1675 turns).

Amnesiac the Digger (Vampire Earth Elementalist)    Turns: 1675, Time: 00:03:42

Health: -7/24      AC:  2    Str:  7    XL:     3   Next: 75%
Magic:  6/6        EV: 13    Int: 17    God:
Gold:   134        SH:  0    Dex: 15    Spells: 2 memorised, 3 levels left

rFire  . . .     SeeInvis +     n - +1 dagger (speed)
rCold  + . .     Gourm    .     c - +0 robe
rNeg   + + .     Faith    .     (no shield)
rPois  +         Spirit   .     (no helmet)
rElec  .         Dismiss  .     (no cloak)
rCorr  .         Reflect  .     (no gloves)
MR     .....     Harm     .     (no boots)
Stlth  +++.......               h - amulet of regeneration
                                (no ring)
                                (no ring)

@: regenerating slowly
A: fangs 3, see invisible, unbreathing
a: Bat Form


You were on level 3 of the Dungeon.
You were very thirsty.

You visited 1 branch of the dungeon, and saw 4 of its levels.

You collected 134 gold pieces.

Inventory:

Hand Weapons
 n - a +1 dagger of speed (weapon)
Armour
 c - a +0 robe (worn)
Jewellery
 h - an amulet of regeneration (around neck)
Wands
 b - a wand of paralysis (13/24)
Scrolls
 a - 2 scrolls of immolation {unknown}
 f - 5 scrolls of identify {unknown}
 g - 2 scrolls of amnesia {unknown}
 i - a scroll of enchant weapon {unknown}
 j - a scroll of magic mapping {unknown}
Potions
 d - 11 potions of blood
 k - a potion of flight {unknown}
 l - a potion of lignification {unknown}
 o - a potion of invisibility {unknown}
Books
 e - a book of Geomancy

   Spells                             Type                      Level
   a - Sandblast                      Earth                        1
   b - Passwall                       Transmutation/Earth          2
   c - Stone Arrow                    Conjuration/Earth            3
   d - Petrify                        Transmutation/Earth          4
   e - Lee's Rapid Deconstruction     Earth                        5
 m - a book of Cantrips

   Spells                             Type                      Level
   a - Confusing Touch                Hexes                        1
   b - Animate Skeleton               Necromancy                   1
   c - Summon Small Mammal            Summoning                    1
   d - Apportation                    Translocation                1


   Skills:
 - Level 2.1 Dodging
 - Level 3.0 Stealth
 - Level 2.0 Spellcasting
 - Level 1.1 Transmutations
 + Level 4.7 Earth Magic


You had 3 spell levels left.
You knew the following spells:

 Your Spells              Type           Power        Failure   Level  Hunger
f - Sandblast             Erth           ###...       2%          1    #......
v - Passwall              Tmut/Erth      ##........   12%         2    ###....


Dungeon Overview and Level Annotations

Branches:
Dungeon (4/15)
 Temple: D:4-7

Altars:

Shops:
D:4 *

Annotations:
D:4 exclusion: orc priest


Innate Abilities, Weirdness & Mutations

You heal slowly.
You have razor-sharp teeth.
You have supernaturally acute eyesight. (SInv)
You can survive without breathing.


Message History

You hit the orc.
You kill the orc!
You now have 134 gold pieces (gained 14).
Things that are here:
a trident; an orc corpse You bottle the corpse's blood.
d - 11 potions of blood (gained 1)
You see here a trident.
The orc shouts!
The orc is too close now for your liking.
An orc is nearby!
You barely miss the orc. The orc hits you with a war axe!
Ouch! That really hurt!
You barely miss the orc. You hit the orc but do no damage.
The orc hits you with a war axe!
* * * LOW HITPOINT WARNING * * *
Unknown command.
The orc shouts!
The orc hits you with a war axe!
You die...

#.# #...o.......# #.##.
#.##################
#....
#...............)..#
#####
##################.#
#.# #.# #)# ## #####.#
##### #. #.@o..#
#...######. #o#####
#...+....#. #.#
#...####.#.
#####.#######..........
#..........##....###.#.
#..........###.#.# #.#.
#..........# #.#.# #.#)
#.....>....# #.#.###.#.
#..........###'#.....##


You could see 2 orcs.

Vanquished Creatures
  3 adders
  2 worms (D:3)
  A leopard gecko (D:3)
  2 orcs (D:3)
  A giant cockroach (D:3)
  3 goblins (D:3)
  A hobgoblin (D:3)
  4 jackals (D:3)
  2 quokkas
  2 bats (D:3)
  A frilled lizard (D:3)
  A rat (D:2)
23 creatures vanquished.

Notes
Turn   | Place    | Note
-------+----------+-------------------------------------------
     0 | D:1      | Amnesiac the Vampire Earth Elementalist began the quest for the Orb.
     0 | D:1      | Reached XP level 1. HP: 13/13 MP: 3/3
    95 | D:2      | Reached XP level 2. HP: 19/19 MP: 1/5
   142 | D:2      | Learned a level 2 spell: Passwall
   481 | D:3      | Reached skill level 4 in Earth Magic
   828 | D:3      | Reached XP level 3. HP: 24/24 MP: 6/6
  1180 | D:4      | Found Yrghoguf's General Store.
  1675 | D:3      | Mangled by an orc

Vault maps used:
D:1:      lightli_arrival_flooded_house
D:2:      nicolae_overflow_hidden_temple
D:4:      first_bread, serial_shops, kennysheep_little_box,
          hangedman_feature_mirror, uniq_eustachio

Skill      XL: |  1  2 |
---------------+-------+-----
Earth Magic    | 4 |  4.7
Dodging        | |  2.1
Stealth        | |  3.0
Spellcasting   | |  2.0
Transmutations | |  1.1

Action                   || total
-------------------------++-------
Melee: Unarmed           ||     5
       Dagger            ||    21
       Bite              ||     1
 Cast: Sandblast         ||    51
       Passwall          ||     9
  Use: Potion            ||     1
 Stab: Sleeping          ||     1
Armor: Robe              ||     5
Dodge: Dodged            ||    41
